 Dungeon Crawl Stone Soup version 0.27.1-33-g824d729ab1 (webtiles) character file.

Game seed: 2398306960625140938

72 jlumianski the Skirmisher (level 4, 0/29 HPs)
             Began as a Gargoyle Monk on Dec 15, 2021.
             Slain by Grinder (6 damage)
             ... on level 3 of the Dungeon.
             The game lasted 00:04:14 (1295 turns).

jlumianski the Skirmisher (Gargoyle Monk)           Turns: 1295, Time: 00:04:14

Health: 0/29       AC:  6    Str: 15    XL:     4   Next: 25%
Magic:  4/4        EV: 16    Int: 11    God:
Gold:   39         SH:  0    Dex: 12    Spells: 3/3 levels left

rFire    . . .     SeeInvis .   a - +0 hand axe
rCold    . . .     Faith    .   (no shield)
rNeg     + . .     Spirit   .   l - +0 leather armour
rPois    ∞         Reflect  .   (no helmet)
rElec    +         Harm     .   (no cloak)
rCorr    .         Rampage  .   (no gloves)
Will     .....                  (no boots)
Stlth    ++........             e - amulet of the acrobat
HPRegen  0.09/turn              d - +4 ring of evasion
MPRegen  0.09/turn              (no ring)

@: no status effects
A: sickness immunity, AC +3, negative energy resistance 1, electricity
resistance, torment resistance 1, petrification resistance
a: no special abilities


You were on level 3 of the Dungeon.
You visited 1 branch of the dungeon, and saw 3 of its levels.

You collected 39 gold pieces.

Inventory:

Hand Weapons
 a - a +0 hand axe (weapon)
Missiles
 i - 2 stones (quivered)
Armour
 b - a +0 robe
 l - a +0 leather armour (worn)
 m - a +0 pair of boots
Jewellery
 d - a +4 ring of evasion (left hand)
 e - an amulet of the acrobat (around neck)
Scrolls
 c - a scroll of amnesia {unknown}
 f - a scroll of silence {unknown}
 g - a scroll of fear {unknown}
 n - a scroll of summoning {unknown}
 o - a scroll of blinking {unknown}
Potions
 h - 3 potions of heal wounds
 j - a potion of haste


   Skills:
 + Level 3.9 Fighting
 + Level 3.6 Axes
 + Level 0.1 Armour
 + Level 2.8 Dodging
 + Level 2.5 Stealth


You had 3 spell levels left.
You didn't know any spells.
Your spell library was empty.

Dungeon Overview and Level Annotations

Branches:
Dungeon (3/15)

Altars:

Annotations:
D:3 Grinder


Innate Abilities, Weirdness & Mutations

You are immune to sickness and miasma.
Your stone body is resilient. (AC +3)
You are immune to poison.
You resist negative energy. (rN+)
You are resistant to electric shocks. (rElec)
You are resistant to unholy torment.
You are immune to petrification.


Message History

You closely miss the adder.
The adder is severely wounded.
The adder barely misses you.
You hit the adder.
The adder is almost dead.
The adder bites you.
You hit the adder.
You kill the adder!
You see here an adder corpse.
You completely miss Grinder. Grinder hits you but does no damage.
Grinder gestures at you. Pain shoots through your body!
You closely miss Grinder. Grinder gestures at you.
You resist with significant effort.
You hit Grinder but do no damage. Grinder gestures at you.
You suddenly lose the ability to move!
Grinder says, "Tell me all your secrets, or I'll kill you."
Grinder gestures at you. You resist with significant effort.
Grinder says, "Don't move a muscle."
Grinder hits you but does no damage.
You can move again.
You barely miss Grinder. Grinder closely misses you.
You hit Grinder.
Grinder is lightly wounded.
Grinder barely misses you.
You barely miss Grinder.
Grinder is lightly wounded.
Grinder gestures at you. Pain shoots through your body!
You hit Grinder but do no damage.
Grinder is lightly wounded.
Grinder hits you!
* * * LOW HITPOINT WARNING * * *
You hit Grinder.
Grinder is lightly wounded.
Grinder hits you.
You die...

### ... ..#
#######.#
........#
........# ..
........###....
#@5......
#.##..... #.#
... #######.# .
#.......#
#<####### ###


You could see Grinder.

Vanquished Creatures
  2 adders
  2 dart slugs (D:1)
  3 ball pythons
  7 endoplasms
  3 giant cockroaches
  A goblin (D:1)
  3 hobgoblins
  3 jackals (D:2)
  3 kobolds
  4 quokkas
  6 bats
  A frilled lizard (D:1)
  6 rats
44 creatures vanquished.

Notes
Turn   | Place    | Note
-------+----------+-------------------------------------------
     0 | D:1      | jlumianski the Gargoyle Monk began the quest for the Orb.
     0 | D:1      | Reached XP level 1. HP: 14/14 MP: 1/1
   141 | D:1      | Reached XP level 2. HP: 15/19 MP: 2/2
   542 | D:1      | Reached XP level 3. HP: 19/24 MP: 3/3
  1174 | D:2      | Reached XP level 4. HP: 26/29 MP: 4/4
  1279 | D:3      | Noticed Grinder
  1288 | D:3      | Paralysed by Grinder for 3 turns
  1295 | D:3      | Slain by Grinder

Illustrated notes

Levels and vault maps discovered:
D:1:      lightli_arrival_statue_moat, layout_basic, minmay_misc_feat_room
D:2:      layout_basic, hellmonk_ecumenical_altar_prayer_group,
          minmay_misc_feat_pillars, serial_park_tiny_2
D:3:      layout_basic, grunt_temple_overflow_champion_of_chaos,
          portal_sewer_entry_c, hangedman_abyss_or_decor_lesser_grid,
          minmay_rat_hole, uniq_grinder, uniq_sigmund

Skill      XL: |  1  2 |
---------------+-------+-----
Axes           | 3 |  3.6
Fighting       | |  3.9
Armour         | |  0.1
Dodging        | |  2.8
Stealth        | |  2.5

Action                   |  1- 3 |  4- 6 || total
-------------------------+-------+-------++-------
Melee: Hand axe          |   116 |    27 ||   143
  Use: Scroll            |     2 |       ||     2
 Stab: Sleeping          |     3 |     1 ||     4
Armor: Robe              |     8 |       ||     8
       Leather armour    |    10 |     8 ||    18
Dodge: Dodged            |   112 |    17 ||   129
